 Dungeon Crawl Stone Soup version 0.22.1-2-g9c5b331 (webtiles) character file.

14 Matador8 the Insei (level 2, 0/21 HPs)
             Began as a Merfolk Transmuter on Dec 19, 2018.
             Slain by a jackal (2 damage)
             ... on level 1 of the Dungeon.
             The game lasted 00:03:26 (307 turns).

Matador8 the Insei (Merfolk Transmuter)              Turns: 307, Time: 00:03:27

Health: 0/21       AC:  2    Str: 10    XL:     2   Next: 41%
Magic:  1/5        EV: 13    Int: 12    God:
Gold:   7          SH:  0    Dex: 14    Spells: 2/5 levels left

rFire    . . .     SeeInvis .     - Unarmed
rCold    . . .     Gourm    .   (no shield)
rNeg     . . .     Faith    .   b - +0 robe
rPois    .         Spirit   .   (no helmet)
rElec    .         Reflect  .   (no cloak)
rCorr    .         Harm     .   (no gloves)
MR       .....                  (no boots)
Stlth    +.........             (no amulet)
HPRegen  0.07/turn              (no ring)
MPRegen  0.09/turn              (no ring)

@: appendage
A: change form in water, swift swim, stealthy swim, horns 2
a: End Transformation


You were on level 1 of the Dungeon.
You were not hungry.
You had grown temporary horns.
You visited 1 branch of the dungeon, and saw 1 of its levels.

You collected 7 gold pieces.

Inventory:

Missiles
 a - 23 arrows
Armour
 b - a +0 robe (worn)
Jewellery
 e - a +2 ring of strength {unknown}
Scrolls
 c - a scroll of identify {unknown}
 g - 2 scrolls of enchant weapon {unknown}
 h - 2 scrolls of remove curse {unknown}
Potions
 f - a potion of magic {unknown}
 j - a potion of flight {unknown}
 k - a potion of heal wounds {unknown}
Comestibles
 d - a ration
 i - 8 chunks of flesh


   Skills:
 - Level 1.1 Fighting
 - Level 2.6 Dodging
 + Level 3.7 Unarmed Combat
 - Level 2.0 Spellcasting
 + Level 3.4 Transmutations


You had 2 spell levels left.
You knew the following spells:

 Your Spells              Type           Power        Failure   Level  Hunger
a - Beastly Appendage     Tmut           #.....       7%          1    ##.....
b - Sticks to Snakes      Tmut           #.......     10%         2    ###....

Your spell library contained the following spells:

 Spells                   Type           Power        Failure   Level  Hunger
 Spider Form              Tmut/Pois      #.........   38%         3    ####...
 Ice Form                 Ice/Tmut       #.......     80%         4    #####..
 Blade Hands              Tmut           #.........   88%         5    ######.


Dungeon Overview and Level Annotations

Branches:
Dungeon (1/15)

Altars:


Innate Abilities, Weirdness & Mutations

You revert to your normal form in water.
You are very nimble and swift while swimming.
You are very stealthy in the water. (Stealth+)
You have a pair of horns on your head.


Message History

Confirm with . or Enter, or press ? or * to list all spells.
You grow a pair of large bovine horns.
The jackal closely misses you.
Your adder barely misses the jackal.
You hit the jackal.
The jackal is lightly wounded.
The jackal misses you.
Your adder barely misses the jackal.
You punch the jackal!
You kill the jackal!
The jackal bites you.
* * * LOW HITPOINT WARNING * * *
Your adder closely misses the jackal.
You hit the jackal but do no damage.
The jackal is heavily wounded.
The jackal bites you.
* * * LOW HITPOINT WARNING * * *
Your adder bites the jackal.
The kobold closely misses your adder.
You barely miss the jackal.
The jackal is severely wounded.
The jackal bites you.
You die...

#..>................+...)
###.####...######.###....
#.# +...# #.# #....
########'## #...#
#.###.... ###.........#
#...######........
##...........#
..........###.....
..#..........###########.#
#.....
#.#..........#.#########.#
#....#
#.#..........#..@hS......#
#....#
#.#........###.####K.....#
#....# #.########.# #.#
#.S....# #....#
#........#.# #.# #......#
######
#.######.#+###'####......#
.###................##'#.#
.....)..........S...##.#.#
(###.###............##...#
.# #.#
#######.##################


You could see a jackal, a kobold and a friendly adder.

Vanquished Creatures
  2 giant cockroaches (D:1)
  2 goblins (D:1)
  2 hobgoblins (D:1)
  2 jackals (D:1)
  A bat (D:1)
  A kobold (D:1)
  A rat (D:1)
11 creatures vanquished.

Vanquished Creatures (collateral kills)
  A goblin (D:1)
1 creature vanquished.

Grand Total: 12 creatures vanquished

Notes
Turn   | Place    | Note
-------+----------+-------------------------------------------
     0 | D:1      | Matador8 the Merfolk Transmuter began the quest for the
                  | Orb.
     0 | D:1      | Reached XP level 1. HP: 15/15 MP: 3/3
   138 | D:1      | Reached XP level 2. HP: 16/21 MP: 3/5
   173 | D:1      | Learned a level 2 spell: Sticks to Snakes
   307 | D:1      | Slain by a jackal

Skill      XL: |  1 |
---------------+----+-----
Transmutations | 3 |  3.4
Fighting       | |  1.1
Dodging        | |  2.6
Unarmed Combat | |  3.7
Spellcasting   | |  2.0

Action                   || total
-------------------------++-------
Melee: Unarmed           ||    30
 Cast: Beastly Appendage ||     6
       Sticks to Snakes  ||     5
Armor: Robe              ||     5
Dodge: Dodged            ||    27
